TOP OF THE 1ST |
New Orleans Zephyrs batting - Pitching for Albuquerque Isotopes : RHP Rafael Gonzales
|
Pitching: RHP Rafael Gonzales
|
|
Batting: LHB Jose Bregaro
|
0-0: Called Strike 0-1: Ball 1-1: Ball 2-1: Ground out 4-3 (Groundball, 34, EV 84.4 MPH)
|
Batting: RHB Boof Howell
|
0-0: Ball 1-0: Called Strike 1-1: Foul Ball, location: 2F 1-2: Ball 2-2: Ground out 4-3 (Groundball, 34, EV 88.1 MPH)
|
Batting: LHB Luis Magdaleno
|
0-0: Called Strike 0-1: Called Strike 0-2: Strikes out swinging
|
Top of the 1st over - 0 runs, 0 hits, 0 errors, 0 left on base; New Orleans 0 - Albuquerque 0 |
BOTTOM OF THE 1ST |
Albuquerque Isotopes batting - Pitching for New Orleans Zephyrs : RHP Matt Murray
|
Pitching: RHP Matt Murray
|
|
Batting: LHB Pablo Cardona
|
0-0: Ball 1-0: Foul Ball, location: 2F 1-1: DOUBLE (Line Drive, 78XD, EV 106.2 MPH)
|
Batting: SHB Jamel Wright
|
0-0: Swinging Strike 0-1: Fly out, F8 (Flyball, 8LM, EV 86.9 MPH)
|
Batting: LHB Alfredo de la Cruz
|
0-0: Ball 1-0: Ground out U3 (Groundball, 34S, EV 83.8 MPH) Pablo Cardona to third
|
Batting: LHB Chad Persaud
|
0-0: Ball 1-0: Ball 2-0: Called Strike 2-1: Ground out 4-3 (Groundball, 4, EV 93.1 MPH)
|
Bottom of the 1st over - 0 runs, 1 hit, 0 errors, 1 left on base; New Orleans 0 - Albuquerque 0 |
TOP OF THE 2ND |
New Orleans Zephyrs batting - Pitching for Albuquerque Isotopes : RHP Rafael Gonzales
|
Batting: SHB Ramon Martinez
|
0-0: Called Strike 0-1: Ball 1-1: Foul Ball, location: 2F 1-2: Strikes out looking
|
Batting: RHB Jack Power
|
0-0: Called Strike 0-1: Called Strike 0-2: Strikes out swinging
|
Batting: RHB Rick Fell
|
0-0: Ball 1-0: Ground out U3 (Groundball, 3, EV 103.8 MPH)
|
Top of the 2nd over - 0 runs, 0 hits, 0 errors, 0 left on base; New Orleans 0 - Albuquerque 0 |
BOTTOM OF THE 2ND |
Albuquerque Isotopes batting - Pitching for New Orleans Zephyrs : RHP Matt Murray
|
Batting: RHB Eddie McCoy
|
0-0: Foul Ball, location: 2F 0-1: Ball 1-1: Ball 2-1: Swinging Strike 2-2: Foul Ball, location: 2F 2-2: Ball 3-2: DOUBLE (Line Drive, 89D, EV 105.0 MPH)
|
Batting: RHB Joe LaDue
|
0-0: Foul Ball, location: 2F 0-1: DOUBLE (Groundball, 3L, EV 102.5 MPH) Eddie McCoy scores
|
Batting: SHB Mitchell Greene
|
0-0: Foul Ball, location: 2F 0-1: Ball 1-1: Ball Wild Pitch! Joe LaDue to third 2-1: Foul Ball, location: 2F 2-2: Foul Ball, location: 2F 2-2: Strikes out swinging
|
Batting: RHB Mike Ball
|
0-0: Ball 1-0: Fly out, F8 (Line Drive, 8LM, EV 88.1 MPH) Runner from 3rd tags up, SCORES, throw by CF
|
Batting: RHB Bobby Heagle
|
0-0: Ball 1-0: Called Strike 1-1: Swinging Strike 1-2: Fly out, F8 (Flyball, 8LM, EV 80.0 MPH)
|
Bottom of the 2nd over - 2 runs, 2 hits, 0 errors, 0 left on base; New Orleans 0 - Albuquerque 2 |
TOP OF THE 3RD |
New Orleans Zephyrs batting - Pitching for Albuquerque Isotopes : RHP Rafael Gonzales
|
Batting: RHB Justin Huff
|
0-0: Ball 1-0: Ground out 5-3 (Groundball, 5, EV 86.9 MPH)
|
Batting: RHB Isaiah Brockman
|
0-0: Ball 1-0: Called Strike 1-1: Fly out, F7 (Flyball, 7, EV 90.6 MPH)
|
Batting: RHB John Jackson
|
0-0: Called Strike 0-1: Foul Ball, location: 2F 0-2: Ball 1-2: Strikes out swinging, 2-3 out at first.
|
Top of the 3rd over - 0 runs, 0 hits, 0 errors, 0 left on base; New Orleans 0 - Albuquerque 2 |
BOTTOM OF THE 3RD |
Albuquerque Isotopes batting - Pitching for New Orleans Zephyrs : RHP Matt Murray
|
Batting: LHB Pablo Cardona
|
0-0: Called Strike 0-1: Ball 1-1: Ground out 1-3 (Groundball, 13, EV 66.2 MPH)
|
Batting: SHB Jamel Wright
|
0-0: Ball 1-0: Ball 2-0: Foul Ball, location: 2F 2-1: Ball 3-1: Base on Balls
|
Batting: LHB Alfredo de la Cruz
|
0-0: Ball 1-0: Called Strike 1-1: Fielders Choice at 2nd, 5-4 (Groundball, 6, EV 81.2 MPH)
|
Batting: LHB Chad Persaud
|
0-0: Ball 1-0: Ball Alfredo de la Cruz steals 2nd base 2-0: Fly out, F7 (Flyball, 78M, EV 95.6 MPH)
|
Bottom of the 3rd over - 0 runs, 0 hits, 0 errors, 1 left on base; New Orleans 0 - Albuquerque 2 |
TOP OF THE 4TH |
New Orleans Zephyrs batting - Pitching for Albuquerque Isotopes : RHP Rafael Gonzales
|
Batting: LHB Jose Bregaro
|
0-0: Ball 1-0: Ground out 3-1 (Groundball, 34, EV 91.2 MPH)
|
Batting: RHB Boof Howell
|
0-0: Called Strike 0-1: Ball 1-1: Foul Ball, location: 2F 1-2: Foul Ball, location: 2F 1-2: Ball 2-2: Ball 3-2: Base on Balls
|
Batting: LHB Luis Magdaleno
|
0-0: Foul Ball, location: 2F 0-1: Ball 1-1: Ball 2-1: SINGLE (Line Drive, 4D, EV 104.4 MPH) Boof Howell to second
|
Batting: SHB Ramon Martinez
|
0-0: Fly out, F8 (Flyball, 89M, EV 84.4 MPH)
|
Batting: RHB Jack Power
|
0-0: Called Strike 0-1: Ball 1-1: Called Strike 1-2: Ball 2-2: Fly out, F9 (Flyball, 9LM, EV 95.0 MPH)
|
Top of the 4th over - 0 runs, 1 hit, 0 errors, 2 left on base; New Orleans 0 - Albuquerque 2 |
BOTTOM OF THE 4TH |
Albuquerque Isotopes batting - Pitching for New Orleans Zephyrs : RHP Matt Murray
|
Batting: RHB Eddie McCoy
|
0-0: Ball 1-0: Foul Ball, location: 2F 1-1: DOUBLE (Flyball, 7LD, EV 109.4 MPH)
|
Batting: RHB Joe LaDue
|
0-0: Ball 1-0: Swinging Strike 1-1: Foul Ball, location: 2F 1-2: Ball 2-2: DOUBLE (Groundball, 3L, EV 100.6 MPH) Eddie McCoy scores
|
Batting: SHB Mitchell Greene
|
0-0: Ball 1-0: Foul Ball, location: 2F 1-1: Ground out U3 (Groundball, 3, EV 90.0 MPH) Joe LaDue to third
|
Batting: RHB Mike Ball
|
0-0: Called Strike 0-1: Foul Ball, location: 2F 0-2: Fly out, F8 (Flyball, 8LS, EV 91.9 MPH)
|
Batting: RHB Bobby Heagle
|
0-0: SINGLE (Line Drive, 34D, EV 97.5 MPH) Joe LaDue scores
|
Batting: LHB Pablo Cardona
|
0-0: Foul Ball, location: 2F 0-1: Ball 1-1: Ball Pickoff Throw by Catcher to First - Out!
|
Bottom of the 4th over - 2 runs, 3 hits, 0 errors, 0 left on base; New Orleans 0 - Albuquerque 4 |
TOP OF THE 5TH |
New Orleans Zephyrs batting - Pitching for Albuquerque Isotopes : RHP Rafael Gonzales
|
Batting: RHB Rick Fell
|
0-0: Swinging Strike 0-1: Called Strike 0-2: Foul Ball, location: 2F 0-2: Foul Ball, location: 2F 0-2: Strikes out swinging
|
Batting: RHB Justin Huff
|
0-0: Foul Ball, location: 2F 0-1: Swinging Strike 0-2: Fly out, F7 (Flyball, 7, EV 76.2 MPH)
|
Batting: RHB Isaiah Brockman
|
0-0: Ball 1-0: Foul Ball, location: 2F 1-1: Ball 2-1: Foul Ball, location: 2F 2-2: Ball 3-2: Fly out, F7 (Line Drive, 78S, EV 100.0 MPH)
|
Top of the 5th over - 0 runs, 0 hits, 0 errors, 0 left on base; New Orleans 0 - Albuquerque 4 |
BOTTOM OF THE 5TH |
Albuquerque Isotopes batting - Pitching for New Orleans Zephyrs : RHP Matt Murray
|
Batting: LHB Pablo Cardona
|
0-0: Called Strike 0-1: Ball 1-1: Ball 2-1: Ball 3-1: Base on Balls
|
Batting: SHB Jamel Wright
|
0-0: Swinging Strike 0-1: Foul Ball, location: 2F 0-2: Ball 1-2: Strikes out swinging
|
Batting: LHB Alfredo de la Cruz
|
0-0: Ball 1-0: Ball 2-0: Swinging Strike 2-1: Ball 3-1: Called Strike 3-2: SINGLE (Groundball, 4M, EV 80.0 MPH) (infield hit) Pablo Cardona to second
|
Pitching: LHP Alex Villarreal
|
|
Batting: LHB Chad Persaud
|
0-0: Called Strike Pablo Cardona steals 3rd base Alfredo de la Cruz to second 0-1: Swinging Strike 0-2: Strikes out looking
|
Batting: RHB Eddie McCoy
|
0-0: Ball 1-0: Foul Ball, location: 2F 1-1: Ball 2-1: Ground out 5-3 (Groundball, 56S, EV 93.8 MPH)
|
Bottom of the 5th over - 0 runs, 1 hit, 0 errors, 2 left on base; New Orleans 0 - Albuquerque 4 |
TOP OF THE 6TH |
New Orleans Zephyrs batting - Pitching for Albuquerque Isotopes : RHP Rafael Gonzales
|
Batting: RHB John Jackson
|
0-0: Ground out 4-3 (Groundball, 4, EV 86.2 MPH)
|
Batting: LHB Jose Bregaro
|
0-0: Called Strike 0-1: Foul Ball, location: 2F 0-2: Ball 1-2: Strikes out swinging
|
Batting: RHB Boof Howell
|
0-0: Ball 1-0: DOUBLE (Line Drive, 89D, EV 90.6 MPH)
|
Batting: LHB Luis Magdaleno
|
0-0: Ball 1-0: Called Strike 1-1: Swinging Strike 1-2: Strikes out looking
|
Top of the 6th over - 0 runs, 1 hit, 0 errors, 1 left on base; New Orleans 0 - Albuquerque 4 |
BOTTOM OF THE 6TH |
Albuquerque Isotopes batting - Pitching for New Orleans Zephyrs : LHP Alex Villarreal
|
Batting: RHB Joe LaDue
|
0-0: Called Strike 0-1: Ball 1-1: Ball 2-1: Swinging Strike 2-2: Ball 3-2: Base on Balls
|
Batting: SHB Mitchell Greene
|
0-0: Ball 1-0: Fly out, F8 (Flyball, 8RD, EV 92.5 MPH)
|
Batting: RHB Mike Ball
|
0-0: Called Strike 0-1: Ball Joe LaDue is caught stealing 2nd base 2-4 1-1: Foul Ball, location: 2F 1-2: Ground out 4-3 (Groundball, 4MS, EV 76.9 MPH)
|
Bottom of the 6th over - 0 runs, 0 hits, 0 errors, 0 left on base; New Orleans 0 - Albuquerque 4 |
TOP OF THE 7TH |
New Orleans Zephyrs batting - Pitching for Albuquerque Isotopes : RHP Rafael Gonzales
|
Now in LF: Alfredo de la Cruz
|
|
Now in RF: Gabe Harvey
|
|
Batting: SHB Ramon Martinez
|
0-0: Fly out, F7 (Flyball, 7S, EV 93.8 MPH)
|
Batting: RHB Jack Power
|
0-0: Ground out 6-3 (Groundball, P, EV 91.9 MPH)
|
Batting: RHB Rick Fell
|
0-0: Ball 1-0: Ball 2-0: Ball 3-0: Called Strike 3-1: Base on Balls
|
Batting: RHB Justin Huff
|
0-0: Called Strike 0-1: Ball 1-1: Swinging Strike 1-2: Fielders Choice at 2nd, 6-4 (Groundball, 6, EV 80.6 MPH)
|
Top of the 7th over - 0 runs, 0 hits, 0 errors, 1 left on base; New Orleans 0 - Albuquerque 4 |
BOTTOM OF THE 7TH |
Albuquerque Isotopes batting - Pitching for New Orleans Zephyrs : LHP Alex Villarreal
|
Pitching: LHP Patrick Meesters
|
|
Batting: RHB Bobby Heagle
|
0-0: SINGLE (Groundball, 56D, EV 111.2 MPH)
|
Batting: LHB Pablo Cardona
|
0-0: Sac Bunt to 13S - play at first, batter OUT! 1-3 Bobby Heagle to second
|
Batting: SHB Jamel Wright
|
0-0: Called Strike 0-1: Ball 1-1: Ball Wild Pitch! Bobby Heagle to third 2-1: Ball 3-1: Base on Balls
|
Batting: LHB Alfredo de la Cruz
|
0-0: Ball Jamel Wright is caught stealing 2nd base 2-6 1-0: Ball 2-0: Ground out U3 (Groundball, 34, EV 90.0 MPH)
|
Bottom of the 7th over - 0 runs, 1 hit, 0 errors, 1 left on base; New Orleans 0 - Albuquerque 4 |
TOP OF THE 8TH |
New Orleans Zephyrs batting - Pitching for Albuquerque Isotopes : RHP Rafael Gonzales
|
Batting: RHB Isaiah Brockman
|
0-0: Called Strike 0-1: Ball 1-1: Called Strike 1-2: Reached on error, E4 (Groundball, 4S, EV 81.2 MPH)
|
Batting: RHB John Jackson
|
0-0: Called Strike 0-1: Swinging Strike 0-2: Strikes out swinging
|
Batting: LHB Jose Bregaro
|
0-0: Ball 1-0: Ball 2-0: Fielders Choice at 2nd, 4-6 (Groundball, 4S, EV 94.4 MPH)
|
Batting: RHB Boof Howell
|
0-0: Ball 1-0: Ball 2-0: Ball 3-0: Base on Balls Jose Bregaro to second
|
Batting: LHB Luis Magdaleno
|
0-0: Foul Ball, location: 2F 0-1: Swinging Strike 0-2: Foul Ball, location: 2F 0-2: Strikes out looking
|
Top of the 8th over - 0 runs, 0 hits, 1 error, 2 left on base; New Orleans 0 - Albuquerque 4 |
BOTTOM OF THE 8TH |
Albuquerque Isotopes batting - Pitching for New Orleans Zephyrs : LHP Patrick Meesters
|
Pitching: RHP Chris Funderburg
|
|
Batting: LHB Gabe Harvey
|
0-0: Ball 1-0: Swinging Strike 1-1: Ball 2-1: Ball 3-1: DOUBLE (Line Drive, 5D, EV 103.1 MPH)
|
Batting: RHB Eddie McCoy
|
0-0: Called Strike 0-1: Fly out, F8 (Flyball, 89M, EV 91.9 MPH)
|
Batting: RHB Joe LaDue
|
0-0: Called Strike 0-1: Ball 1-1: Ball 2-1: Called Strike 2-2: Foul Ball, location: 2F 2-2: Strikes out swinging
|
Batting: SHB Mitchell Greene
|
0-0: Foul Ball, location: 2F 0-1: Called Strike 0-2: Ball 1-2: Strikes out looking
|
Bottom of the 8th over - 0 runs, 1 hit, 0 errors, 1 left on base; New Orleans 0 - Albuquerque 4 |
TOP OF THE 9TH |
New Orleans Zephyrs batting - Pitching for Albuquerque Isotopes : RHP Rafael Gonzales
|
Pitching: RHP Josh Kenyon
|
|
Batting: SHB Ramon Martinez
|
0-0: Ball 1-0: Called Strike 1-1: Ball 2-1: Foul Ball, location: 2F 2-2: Strikes out looking
|
Batting: RHB Jack Power
|
0-0: SINGLE (Groundball, 4MS, EV 81.2 MPH) (infield hit)
|
Batting: RHB Rick Fell
|
0-0: Grounds into double play, 6-4-3 (Groundball, 6S, EV 83.1 MPH)
|
Top of the 9th over - 0 runs, 1 hit, 0 errors, 0 left on base; New Orleans 0 - Albuquerque 4 |
|